 Dungeon Crawl Stone Soup version 0.30-a0-908-g5a111fc481 (webtiles) character file.

Game seed: 13145223243912997260

217 Angani the Trooper (level 5, -2/75 HPs)
             Began as an Armataur Wanderer on Mar 20, 2023.
             Was an Initiate of Cheibriados.
             Slain by a wyvern (9 damage)
             ... on level 4 of the Dungeon.
             The game lasted 00:06:44 (3099 turns).

Angani the Trooper (Armataur Wanderer)              Turns: 3099, Time: 00:06:44

Health: -2/75      AC: 22    Str: 21    XL:     5   Next: 62%
Magic:  6/6        EV:  1    Int: 14    God:    Cheibriados [......]
Gold:   204        SH:  0    Dex:  9    Spells: 6/6 levels left

rFire   . . .      SeeInvis .    k - +6 shillelagh "Devastator" {shatter}
rCold   . . .      Faith    .    (no shield)
rNeg    . . .      Spirit   .    c - melded +0 leather armour
rPois   +          Reflect  .    (helmet currently unavailable)
rElec   .          Roll     +    (cloak currently unavailable)
rCorr   .          NoTele   +    (gloves currently unavailable)
Will    .....                    (no barding)
Stlth   +                        (no amulet)
HPRegen 0.32/turn                (no ring)
MPRegen 0.10/turn                (no ring)

@: tree-form, very slow
A: stationary, stasis, torment immunity, boosted hp, large, rugged brown scales
3, (deformed body), (armoured tail), roll, long tongue, awkward tongue
a: Renounce Religion


You were on level 4 of the Dungeon.
You worshipped Cheibriados.
Cheibriados was noncommittal.
You were a tree.
You visited 1 branch of the dungeon, and saw 4 of its levels.

You collected 204 gold pieces.

Inventory:

Hand Weapons
 g - a +1 short sword of venom
 j - a +0 rapier of electrocution
 k - the +6 shillelagh "Devastator" (weapon) {shatter}
   (You found it on level 3 of the Dungeon)
Armour
 c - a +0 leather armour (melded)
 e - a +0 helmet
Jewellery
 i - a ring of fire
Scrolls
 d - a scroll of vulnerability
Potions
 b - 2 potions of attraction


   Skills:
 + Level 4.3 Fighting
 + Level 1.5 Maces & Flails
 + Level 4.2 Armour
 - Level 1.0 Spellcasting
 - Level 1.7 Hexes
 - Level 3.6 Transmutations


You had 6 spell levels left.
You didn't know any spells.
Your spell library contained the following spells:

 Spells                   Type           Power      Damage    Failure   Level
 Beastly Appendage        Tmut           20%        N/A       6%          1
 Wereblood                Tmut           10%        N/A       9%          2
 Slow                     Hex            20%        N/A       13%         1
 Passwall                 Tmut/Erth      4%         N/A       19%         2
 Ensorcelled Hibernation  Hex/Ice        6%         N/A       28%         2
 Tukima's Dance           Hex            5%         N/A       36%         3
 Swiftness                Air            0%         N/A       61%         3
 Petrify                  Tmut/Erth      5%         N/A       77%         4


Dungeon Overview and Level Annotations

Branches:
Dungeon (4/15)
 Temple: D:4-7

Altars:
Cheibriados
Qazlal


Innate Abilities, Weirdness & Mutations

You are a tree.
Your roots penetrate the ground, keeping you stationary.
You cannot be teleported.
You are immune to unholy pain and torment.
Your maximum health is greatly increased.
Your equipment is partially melded.
(You are completely covered in rugged brown scales. (AC +3, +7% HP))
((Armour fits poorly on your strangely shaped body.))
((You have a long armoured tail.))
You roll when moving toward enemies. (Rampage)
Your long tongue fully drains potion bottles. (2x potion effects)
Your tongue gives you trouble enunciating. (1.5x scroll delay)


Message History

The wyvern closely misses you. The wyvern completely misses you.
You hit the wyvern but do no damage.
The wyvern is lightly wounded.
The wyvern bites you! The wyvern closely misses you.
You closely miss the wyvern. You tail-slap the wyvern.
The wyvern is moderately wounded.
The wyvern closely misses you. The wyvern bites you.
You barely miss the wyvern.
You tail-slap the wyvern, but do no damage.
The wyvern is lightly wounded.
The wyvern bites you!!
The wyvern bites you but does no damage.
You closely miss the wyvern.
The wyvern is lightly wounded.
The wyvern bites you.
You sock the wyvern!
The wyvern shudders.
The wyvern is heavily wounded. x2
The wyvern bites you!
* * * LOW HITPOINT WARNING * * *
The wyvern bites you.
* * * LOW HITPOINT WARNING * * *
Unknown command.
It was a potion of flight.
You feel very buoyant.
You fly up into the air.
You slurp down every last drop of the potion of flight!
The wyvern closely misses you. x2
Unknown command.
Really quaff the potion of lignification?
You turn into a tree.
Your +0 leather armour melds into your body.
Your roots penetrate the ground.
You slurp down every last drop of the potion of lignification!
The wyvern completely misses you.
Unknown command.
Unknown command.
You hit the wyvern but do no damage.
The wyvern is heavily wounded.
The wyvern bites you!
You die...

.... ...........
...# ..# .
........#... ...##
..#....
........#..##.....
.......
.........†.......
......#
#..##.....## #
.....##
####......<..#.##
..#....
.................!
.## ...
#................
.. .$
#..>$..♣l###....(
#. . ##......†.#
..... ..
.........#........
#.#....#.#.#....##
. #
##....###......
.## ##### #.?...
..## ##... ##..
... ....


You could see a wyvern.

Vanquished Creatures
  A centaur (D:3)
  A hound (D:4)
  A gnoll (D:1)
  An adder (D:3)
  A worm (D:2)
  6 dart slugs
  5 orcs (D:3)
  8 ball pythons
  A bat (D:3)
  6 endoplasms
  A giant cockroach (D:2)
  11 hobgoblins
  3 jackals (D:1)
  3 quokkas
  A frilled lizard (D:1)
  4 goblins
  5 kobolds
  7 rats
66 creatures vanquished.

Notes
Turn   | Place    | Note
-------+----------+-------------------------------------------
     0 | D:1      | Angani the Armataur Wanderer began the quest for the Orb.
     0 | D:1      | Angani set off with the following items: a +0 club, a
                  | potion of attraction, a +0 leather armour, a scroll of
                  | vulnerability; and the following spells available to
                  | memorise: Beastly Appendage, Wereblood, Slow, Tukima's
                  | Dance, Petrify.
     0 | D:1      | Reached XP level 1. HP: 19/19 MP: 2/2
   308 | D:1      | Reached skill level 1 in Armour
   308 | D:1      | Reached XP level 2. HP: 8/27 MP: 3/3
   502 | D:1      | Reached XP level 3. HP: 17/33 MP: 4/4
  1755 | D:2      | Reached XP level 4. HP: 38/42 MP: 5/5
  2220 | D:3      | Noticed a centaur
  2387 | D:3      | Found the +6 shillelagh "Devastator" {shatter}
  2406 | D:3      | Found a snail-covered altar of Cheibriados.
  2415 | D:3      | Became a worshipper of Cheibriados the Contemplative
  2499 | D:3      | Killed a centaur
  2500 | D:3      | Reached skill level 1 in Maces & Flails
  2500 | D:3      | Reached XP level 5. HP: 49/49 MP: 6/6
  2699 | D:3      | Found a stormy altar of Qazlal.
  3087 | D:4      | Noticed a wyvern
  3099 | D:4      | Slain by a wyvern

Illustrated notes

Levels and vault maps discovered:
D:1:      dpeg_cavernosity, layout_loops_ring
D:2:      layout_basic, serial_rivers, chequers_serial_rivers_micro_d,
          chequers_serial_rivers_marsh, chequers_serial_rivers_room_b,
          chequers_serial_rivers_small_3
D:3:      layout_loops_cross, mainiacjoe_overflow_alcove_4,
          grunt_qazlal_sundering
D:4:      layout_cave_pools, lightli_temple_of_fire,
          mainiacjoe_overflow_brackets, st_stairs_14,
          eino_small_chamber_without_monster, minmay_manual_monstrance

Skill      XL: |  1  2  3  4  5 |
---------------+----------------+-----
Fighting       | 3 4 |  4.3
Armour         | 1 2 3 4 |  4.2
Maces & Flails | 1 |  1.5
Spellcasting   | |  1.0
Hexes          | |  1.7
Transmutations | |  3.6

Action                     |  1- 3 |  4- 6 || total
---------------------------+-------+-------++-------
  Melee: Club              |    59 |       ||    59
         Tailslap          |    18 |     6 ||    24
         Short sword       |    68 |    28 ||    96
         Shillelagh        |       |    28 ||    28
    Use: Potion            |     1 |     4 ||     5
         Scroll            |     1 |     2 ||     3
 Armour: Leather armour    |    38 |    15 ||    53
         Skin              |       |    19 ||    19
  Dodge: Dodged            |    53 |    23 ||    76

Table legend: (Time is in decaauts)
 A = Elapsed time spent in this place.
 B = Non-inter-level travel time spent in this place.
 C = Inter-level travel time spent in this place.
 D = Time resting spent in this place.
 E = Time spent auto-exploring this place.
 F = Levels seen in this place.
 G = Mean time per level.
                   A        B        C        D        E       F      G
               +--------+--------+--------+--------+--------+-----+--------+
         Total |   3247 |   2908 |    339 |    367 |   1826 |   4 |  811.8 |
       Dungeon |   3247 |   2908 |    339 |    367 |   1826 |   4 |  811.8 |
               +--------+--------+--------+--------+--------+-----+--------+

Top non-repeatable levels by time:
     D:1: 1268 daAuts
     D:3: 1063 daAuts
     D:2: 881 daAuts
     D:4: 34 daAuts
